Map: Ulrena

Players

Perpetual

  • Race: Protoss Protoss

SticklerMac - Winner!

  • Race: Zerg Zerg
  • League: Platinum

VOD

Have the link to the VOD?

Description

Time

  • Played on: Nov. 14, 2015, 9:48 p.m.
  • Length: 12:41
Show
View Real Time Build Order
Export as new Build Order

Perpetual Protoss 

Build Orders:  

Get SALT Encoding   

  12  0:01  Probe (Chrono Boost)  
  13  0:11  Probe (Chrono Boost)  
  14  0:23  Pylon  
  14  0:24  Probe (Chrono Boost)  
  15  0:28  Assimilator  
  15  0:42  Probe (Chrono Boost)  
  16  0:46  Gateway  
  16  0:52  Probe (Chrono Boost)  
  17  0:59  Assimilator  
  17  1:03  Probe (Chrono Boost)  
  18  1:13  Probe (Chrono Boost)  
  19  1:24  Probe (Chrono Boost)  
  20  1:34  Probe (Chrono Boost)  
  20  1:36  Cybernetics Core  
  21  1:40  Zealot  
  23  1:48  Pylon  
  23  2:06  Gateway x2  
  23  2:13  Warp Gate (Chrono Boost)  
  23  2:17  Mothership Core (Chrono Boost)  
  23  2:21  Sentry  
  27  2:45  Robotics Facility  
  27  2:48  Gateway  
  27  3:08  Probe  
  28  3:29  Probe  
  29  3:35  Nexus  
  29  3:38  Pylon  
  29  3:49  Pylon  
  29  3:53  Pylon  
  29  4:04  Gateway  
  29  4:09  Stalker x2  
  33  4:17  Stalker  
  35  4:34  Zealot  
  35  4:35  Zealot x2  
  41  4:39  Probe  
  42  4:46  Probe  
  42  4:49  Pylon  
  43  4:53  Probe  
  43  4:59  Adept  
  46  5:03  Probe (Chrono Boost)  
  46  5:05  Probe (Chrono Boost)  
  49  5:14  Probe (Chrono Boost)  
  49  5:16  Probe (Chrono Boost)  
  50  5:25  Sentry x5, Probe (Chrono Boost)  
  50  5:28  Probe (Chrono Boost)  
  62  5:33  Observer  
  62  5:35  Probe (Chrono Boost)  
  64  5:41  Pylon  
  64  5:49  Probe (Chrono Boost)  
  65  5:52  Adept x2  
  69  5:58  Probe (Chrono Boost)  
  69  6:00  Immortal  
  69  6:02  Probe (Chrono Boost)  
  75  6:06  Assimilator  
  75  6:08  Assimilator  
  75  6:09  Probe (Chrono Boost)  
  76  6:21  Probe (Chrono Boost)  
  76  6:22  Probe (Chrono Boost)  
  78  6:49  Pylon  
  78  6:50  Pylon  
  78  6:56  Robotics Bay  
  78  7:01  Nexus  
  78  7:03  Pylon  
  78  7:04  Pylon  
  78  7:07  Immortal, Forge, Probe x2 (Chrono Boost)  
  84  7:10  Forge  
  84  7:17  Probe (Chrono Boost)  
  85  7:23  Adept x3  
  85  7:28  Probe (Chrono Boost)  
  92  7:49  Colossus (Chrono Boost)  
  94  8:03  Stalker x3  
  94  8:04  Stalker  
  92  8:25  Stalker  
  84  8:38  Zealot x2  
  84  8:39  Zealot x2  
  80  8:54  Zealot  
  82  8:57  Colossus (Chrono Boost)  
  84  9:15  Zealot x3  
  80  9:18  Zealot x2  
  72  9:36  Zealot x3  
  76  9:43  Colossus (Chrono Boost)  
  80  9:49  Zealot  
  80  9:50  Zealot  
  72  9:57  Zealot x2  
  72  9:58  Zealot  
  70  10:07  Mothership Core  
  72  10:15  Sentry, Stalker  
  76  10:28  Stalker x3  
  80  10:30  Colossus (Chrono Boost)  
  88  10:48  Stalker x2  
  88  10:49  Probe  
  91  10:59  Gateway  
  91  11:01  Gateway  
  91  11:03  Gateway  
  91  11:04  Gateway  
  91  11:05  Zealot  
  87  11:25  Stalker x3  
  93  11:35  Pylon  
  93  11:37  Pylon  
  93  11:39  Pylon  
  99  11:54  Colossus (Chrono Boost)  
  99  11:56  Adept x2  
  99  11:57  Adept x2  
  100  12:24  Zealot  
  100  12:29  Zealot x2  
  75  12:30  Zealot x3  
Show
View Real Time Build Order
Export as new Build Order

SticklerMac Zerg - Winner!

Build Orders: Hatch First 

Get SALT Encoding   

  12  0:01  Drone  
  13  0:12  Overlord  
  13  0:18  Drone  
  14  0:30  Drone x2  
  16  0:37  Drone  
  17  0:55  Hatchery  
  16  0:58  Drone  
  16  1:03  Drone  
  18  1:10  Drone  
  19  1:15  Extractor  
  18  1:24  Spawning Pool  
  17  1:27  Drone  
  17  1:28  Drone  
  21  1:44  Drone  
  22  2:04  Hatchery  
  21  2:09  Spawning Pool  
  21  2:14  Drone x4  
  24  2:19  Extractor  
  24  2:20  Drone  
  24  2:25  Overlord  
  24  2:29  Overlord  
  24  2:38  Overlord  
  24  2:46  Drone  
  24  2:47  Drone  
  26  2:53  Drone  
  26  2:54  Extractor  
  26  2:58  Queen x2  
  28  3:00  Drone  
  28  3:04  Drone  
  32  3:15  Zergling x4  
  34  3:32  Drone x4  
  34  3:33  Queen  
  37  3:41  Drone x2  
  37  3:42  Drone x2  
  37  3:47  Lair  
  41  3:52  Drone x3  
  44  3:59  Roach Warren  
  44  4:01  Drone x2  
  44  4:02  Drone  
  46  4:05  Drone  
  47  4:12  Drone x3  
  47  4:13  Drone  
  47  4:16  Drone x2  
  53  4:23  Zergling x8  
  57  4:34  Overlord x3  
  57  4:35  Extractor  
  56  4:38  Overlord  
  56  5:00  Roach x2  
  56  5:01  Roach x8  
  56  5:02  Roach  
  56  5:05  Glial Reconstitution  
  78  5:09  Roach x2  
  82  5:18  Extractor  
  81  5:30  Overlord  
  81  5:31  Overlord  
  81  5:37  Overlord x2  
  81  5:42  Drone  
  82  5:48  Queen x3  
  82  5:49  Spore Crawler  
  87  5:51  Spore Crawler  
  87  5:53  Spore Crawler  
  87  5:54  Drone x4  
  87  5:55  Drone  
  90  6:01  Drone  
  90  6:02  Drone x2  
  93  6:13  Ravager x8  
  93  6:14  Ravager  
  93  6:16  Roach  
  104  6:19  Roach  
  104  6:23  Roach x2  
  110  6:31  Roach x2  
  114  6:43  Overlord x4  
  114  7:09  Roach x12  
  138  7:17  Evolution Chamber  
  138  7:18  Evolution Chamber  
  138  7:19  Overlord x2, Roach  
  138  7:20  Overlord  
  138  7:21  Overlord  
  138  7:38  Overlord x2, Roach x2  
  138  7:39  Roach x2  
  144  7:51  Roach x5  
  113  8:34  Roach x7  
  116  8:35  Roach x4  
  110  8:56  Roach x5  
  92  9:37  Roach x2  
  92  9:38  Roach x7  
  99  9:56  Roach x3  
  77  10:12  Roach x6  
  89  10:16  Ravager x5  
  89  10:17  Ravager x4  
  89  10:20  Ravager x2  
  100  10:27  Drone  
  101  10:29  Drone  
  101  10:33  Drone  
  103  10:41  Drone x2  
  105  10:48  Drone  
  105  10:49  Drone  
  104  11:11  Zergling x2  
  104  11:12  Zergling x12  
  100  11:27  Roach x4  
  108  11:34  Ravager x6  
  114  11:51  Roach x4  
  114  11:53  Drone  
  123  11:55  Drone  
  124  12:03  Roach x2  
Tags
 
Add a new tag
Caveats
  • Supply blocks, unpowered buildings, or Contaminate may cause inaccurate times.
  • Supply counts are checked every 10 seconds.